 Dungeon Crawl Stone Soup version 0.21.1-1-g345015f (webtiles) character file.

725 Kagorn the Skirmisher (level 7, 0/44 HPs)
             Began as a Gargoyle Fighter on June 11, 2018.
             Killed by divine providence
             ... invoked by an orc priest
              (12 damage)
             ... on level 6 of the Dungeon.
             The game lasted 00:27:59 (3322 turns).

Kagorn the Skirmisher (Gargoyle Fighter)            Turns: 3322, Time: 00:28:00

Health: 0/44       AC: 17    Str: 18 (19) XL:     7   Next: 72%
Magic:  7/7        EV: 10    Int:  8 (9)  God:
Gold:   141        SH:  9    Dex: 11      Spells: 6/6 levels left

rFire    . . .     SeeInvis .   s - +1 whip (vamp)
rCold    . . .     Gourm    .   c - +0 shield
rNeg     + . .     Faith    .   h - +3 leather armour
rPois    ∞         Spirit   .   i - +0 helmet
rElec    +         Reflect  .   j - +0 cloak
rCorr    .         Harm     .   p - +2 pair of gloves
MR       .....                  (no boots)
Stlth    ++........             (no amulet)
HPRegen  0.14/turn              (no ring)
MPRegen  0.10/turn              (no ring)

@: no status effects
A: negative energy resistance 1, electricity resistance, unbreathing,
petrification resistance, rot immunity, AC +4
a: no special abilities


You were on level 6 of the Dungeon.
You were not hungry.

You visited 1 branch of the dungeon, and saw 6 of its levels.

You collected 141 gold pieces.

Inventory:

Hand Weapons
 l - a +1 short sword of venom
 s - a +1 vampiric whip (weapon)
Armour
 c - a +0 shield (worn)
 h - a +3 leather armour (worn)
 i - a +0 helmet (worn)
 j - a +0 cloak (worn)
 p - a +2 pair of gloves (worn)
Wands
 r - a wand of random effects (26)
Scrolls
 b - 2 scrolls of immolation
 e - a scroll of enchant weapon {unknown}
 f - a scroll of remove curse {unknown}
 g - 5 scrolls of identify
 m - 3 scrolls of amnesia
Potions
 a - a potion of flight
 d - a potion of might
 n - a potion of curing
Comestibles
 o - 2 rations


   Skills:
 * Level 5.6 Fighting
 - Level 2.3 Short Blades
 * Level 3.4 Maces & Flails
 + Level 4.6 Armour
 + Level 2.0 Dodging
 + Level 3.0 Stealth
 + Level 4.4 Shields


You had 6 spell levels left.
You didn't know any spells.

Dungeon Overview and Level Annotations

Branches:
Dungeon (5/15)
 Temple: D:4-7

Altars:

Shops:
D:4 (!:(


Innate Abilities, Weirdness & Mutations

You are resistant to torment.
Your stone body is resilient. (AC +4)
You are immune to poison.
You resist negative energy. (rN+)
You are resistant to electric shocks. (rElec)
You can survive without breathing.
You are immune to petrification.
You are immune to rotting.


Message History

The orc hits you with a hand axe. The orc hits you but does no damage.
You closely miss the orc priest.
The orc priest is almost dead.
You block the leopard gecko's attack.
The orc priest invokes the aid of Beogh against you.
Beogh smites you!
* * * LOW HITPOINT WARNING * * *
The leopard gecko misses you. The orc closely misses you.
The orc hits you but does no damage. The orc barely misses you.
Your shield prevents you from hitting the orc priest.
The orc priest is almost dead.
The orc priest begins to cast a cantrip, but forgets the words!
You block the leopard gecko's attack. The orc closely misses you.
The orc completely misses you.
You hit the orc priest but do no damage.
The orc priest is almost dead.
The orc hits you but does no damage.
The orc priest calls down the wrath of Beogh upon you.
Beogh smites you!
You die...

#.... #.........
#...##..............
#..#"............
#.<.............
#.....#####....
#..###..####.#.#
#.#...>....#.#.###.#.
##..####.....lo......
#. ###?[.@o...... #.
#.....o####... #
#.......o#
#..#.###.... ......#
##... ....#... ..#
##.##.... ... #.
..... ..


You could see an orc priest, 3 orcs and a leopard gecko.

Vanquished Creatures
  Grinder (D:3)
  A necrophage (D:6)
  A bullfrog zombie (D:6)
  An orc priest (D:4)
  Terence (D:3)
  Jessica (D:3)
  3 orc wizards (D:4)
  Ijyb (D:3)
  4 gnolls (D:3)
  A howler monkey skeleton (D:4)
  8 adders
  A shadow imp (D:4)
  3 worms
  2 leopard geckos (D:1)
  7 orcs
  3 bats
  5 giant cockroaches
  10 goblins
  7 hobgoblins
  10 jackals
  A quokka (D:4)
  2 ball pythons
  A frilled lizard (D:3)
  10 kobolds
  A leopard gecko skeleton (D:6)
  17 rats
103 creatures vanquished.

Notes
Turn   | Place    | Note
-------+----------+-------------------------------------------
     0 | D:1      | Kagorn the Gargoyle Fighter began the quest for the Orb.
     0 | D:1      | Reached XP level 1. HP: 14/14 MP: 1/1
    26 | D:1      | Reached XP level 2. HP: 8/19 MP: 2/2
   406 | D:1      | Reached XP level 3. HP: 23/23 MP: 3/3
   722 | D:2      | Reached skill level 1 in Stealth
   724 | D:2      | Reached XP level 4. HP: 3/29 MP: 4/4
  1008 | D:2      | Reached skill level 4 in Fighting
  1420 | D:3      | Reached skill level 1 in Dodging
  1434 | D:3      | Noticed Ijyb
  1442 | D:3      | Killed Ijyb
  1442 | D:3      | Reached XP level 5. HP: 33/33 MP: 5/5
  1532 | D:3      | Reached skill level 1 in Short Blades
  1671 | D:3      | Noticed Terence
  1682 | D:3      | Killed Terence
  1795 | D:3      | Reached XP level 6. HP: 39/39 MP: 6/6
  1832 | D:3      | Noticed Jessica
  1854 | D:3      | Killed Jessica
  1879 | D:3      | Noticed Grinder
  1900 | D:3      | Paralysed by Grinder for 2 turns
  1909 | D:3      | Paralysed by Grinder for 6 turns
  1926 | D:3      | Killed Grinder
  1926 | D:3      | Reached skill level 5 in Fighting
  1926 | D:3      | Reached XP level 7. HP: 37/44 MP: 7/7
  2418 | D:4      | Found Gykkoove's Antique Weapon Boutique.
  2427 | D:4      | Found Otesehi's Distillery.
  2778 | D:4      | Found Zuept's Antique Weapon Boutique.
  3037 | D:4      | Found Qaijeiwk's Book Shoppe.
  3212 | D:5      | Entered Level 5 of the Dungeon
  3247 | D:5      | You fall through a shaft!
  3322 | D:6      | Killed from afar by an orc priest

Skill      XL: |  1  2  3  4  5  6  7 |
---------------+----------------------+-----
Stealth        | 1 2 3 |  3.0
Fighting       | 4 5 |  5.6
Dodging        | 1 2 |  2.0
Short Blades   | 1 2 |  2.3
Armour         | 4 |  4.6
Shields        | 4 |  4.4
Maces & Flails | 3 |  3.4

Action                   |  1- 3 |  4- 6 |  7- 9 || total
-------------------------+-------+-------+-------++-------
Melee: Flail             |   109 |    15 |       ||   124
       Short sword       |       |    84 |       ||    84
       Whip              |       |    79 |   221 ||   300
  Use: Scroll            |     2 |     7 |     4 ||    13
       Potion            |     1 |     5 |     3 ||     9
 Stab: Sleeping          |       |     1 |     2 ||     3
       Distracted        |       |     1 |       ||     1
  Eat: Ration            |       |     3 |     1 ||     4
Armor: Scale mail        |    61 |       |       ||    61
       Leather armour    |    63 |    76 |   130 ||   269
Dodge: Dodged            |    73 |    54 |   119 ||   246
Block: Shield            |    95 |    58 |   135 ||   288
